Cogmind - Beta 16.1 @@@ ROGUE MODE // 2026.02.17 @ 20:13:48 Player: Drago Result: Self-destructed Performance ------------- Evolutions (4) 2000 Regions Visited (5) 1000 Robots Destroyed (39) 195 Value Destroyed (1102) 1102 Prototype IDs (23) 460 Alien Tech Used (0) 0 Bonus (800) 800 TOTAL SCORE: 5557 Bonus ------- Registered with UFD 300 Met Optimus in HQ 500 Cogmind --------- Core Integrity 734/850 Matter 57/300 Energy 89/100 System Corruption 2% Temperature Cool (0) Movement Core (200) Ox3 Location -6/Factory Parts ------- > --- POWER (1) -------- (None) > --- PROPULSION (5) --- (None) > --- UTILITY (7) ------ Advanced Signal Interpreter Seismic Detector ECM Suite Hacking Suite > --- WEAPON (2) ------- Phase Cannon > --- INVENTORY (5) ---- Xenon Bombardment Thruster Enhanced Optical Array Transmission Jammer Authchip [Propulsion] Authchip [Processor] Peak State ------------ > --- POWER ------------ Light Nuclear Core > --- PROPULSION ------- VTOL Module VTOL Module Xenon Bombardment Thruster Makeshift Flight Unit Makeshift Flight Unit > --- UTILITY ---------- Structural Scanner Improved Sensor Array Improved Signal Interpreter Seismic Detector Transmission Jammer Improved Light Armor Plating Hacking Suite > --- WEAPON ----------- Improved Heavy Machine Gun Mini Grenade Launcher > --- INVENTORY -------- VTOL Module ECM Suite Authchip [Propulsion] Authchip [Processor] Autogun [Rating: 46] Favorites ----------- Power Ion Engine Engine Ion Engine Power Core Light Nuclear Core Reactor Cold Fusion Reactor Propulsion Light Treads Treads Light Treads Wheel Wheel Flight Unit VTOL Module Utility Huge Storage Unit Device Seismic Detector Storage Huge Storage Unit Processor Improved Signal Interpreter Hackware Hacking Suite Protection Makeshift Light Armor Plating Weapon Subdweller Laser Energy Gun Subdweller Laser Energy Cannon Powered Cannon Ballistic Gun Autogun Launcher Mini Grenade Launcher Build | -11 -10 -10 -9 -9 -6 ------- Run | Yrd Mat Sub Rec Scr Fac Slots Evolved 8 | . . . . . 8 Power . | . . . . . . Propulsion 3 | . . . . . 3 Utility 5 | . . . . . 5 Weapon . | . . . . . . Parts Attached 55 | 9 4 14 7 1 20 Power 8 | 1 1 3 1 . 2 Engine 6 | 1 1 3 1 . . Core 1 | . . . . . 1 Reactor 1 | . . . . . 1 Propulsion 18 | 3 . 4 4 1 6 Treads 5 | 1 . 2 2 . . Leg . | . . . . . . Wheel 7 | 2 . 2 2 1 . Hover . | . . . . . . Flight 6 | . . . . . 6 Utility 14 | 2 1 1 1 . 9 Device 6 | 1 . . . . 5 Storage 2 | 1 1 . . . . Processor 2 | . . . . . 2 Hackware 1 | . . . . . 1 Protection 3 | . . 1 1 . 1 Artifact . | . . . . . . Weapon 15 | 3 2 6 1 . 3 Energy Gun 4 | 1 1 2 . . . Energy Cannon 3 | . . 2 . . 1 Ballistic Gun 5 | 2 . 1 1 . 1 Ballistic Cannon . | . . . . . . Launcher 3 | . 1 1 . . 1 Special Weapon . | . . . . . . Impact Weapon . | . . . . . . Slashing Weapon . | . . . . . . Piercing Weapon . | . . . . . . Special Melee Weapon . | . . . . . . Unidentified Prototypes 2 | . . . . . 2 Parts Lost 14 | . . 3 2 . 9 Power 2 | . . 1 1 . . Propulsion 6 | . . 1 . . 5 Utility 3 | . . . . . 3 Weapon 3 | . . 1 1 . 1 Highest Loss Streak 9 | . . 1 2 . 9 To Critical Strikes . | . . . . . . Average Backups 14 | 3 8 16 10 16 5 Power 1 | . 2 2 . . . Propulsion 5 | 1 2 5 4 8 1 Utility 3 | . . 3 2 5 3 Weapon 3 | . 3 4 3 2 . Tool/Special . | . . . . . . Unused Backups 18 | . . 11 . 2 5 Power 3 | . . 3 . . . Propulsion 4 | . . 3 . . 1 Utility 8 | . . 3 . 1 4 Weapon 3 | . . 2 . 1 . Tool/Special . | . . . . . . Average Slot Usage (%) 92 | . 100 90 83 98 96 Engine 15 | . 14 20 6 14 1 Treads 9 | . 14 12 16 4 . Wheel 14 | . 14 13 11 23 . Flight 2 | . . . . . 32 Device 8 | . 14 12 . . 26 Storage 12 | . 14 12 14 14 . Protection 5 | . . . 13 14 6 Energy Gun 7 | . 5 4 14 12 . Energy Cannon 4 | . . 8 . . 1 Ballistic Gun 7 | . 22 4 5 14 4 Peak Build Rating 46 | 7 8 40 30 18 46 Average Rating 22 | 5 7 25 17 16 42 On Entrance 12 | . 7 8 30 15 15 Avg Prop Armor Cover (%) 9 | 12 12 11 14 11 2 Naked Turns . | . . . . . . Heaviest Build 100 | 12 89 100 94 94 29 Greatest Support 40 | 20 10 40 40 28 31 Greatest Overweight (x) 9 | 1 8 9 5 5 4 Average Overweight (x) 4 | . 5 8 3 3 . Largest Inventory Capacity 25 | 8 25 25 25 25 25 Average Capacity 23 | 7 21 25 25 25 5 Most Carried 25 | 6 11 25 25 22 15 Average Carried 18 | 3 8 23 15 17 4 Final Capacity 25 | 8 25 25 25 25 5 Final Carried 25 | 5 11 25 15 15 5 Class Distribution -------------------- 59% | Mutant 33% | Scavenger-Mutant 4% | Derelict-Scout Dominant Class ---------------- Mutant | -10/Materials Scavenger-Mutant | -10/Subcaves Mutant | -9/Recycling Mutant | -9/Scraptown Derelict-Scout | -6/Factory Resources | -11 -10 -10 -9 -9 -6 ----------- Run | Yrd Mat Sub Rec Scr Fac Matter Collected 941 | 281 86 332 111 10 121 Remotely . | . . . . . . Salvage Created 1494 | 111 26 872 361 . 124 Parts 82 | 9 6 46 9 . 12 Haulers Intercepted . | . . . . . . Recyclers Shooed 2 | . . . 1 . 1 Parts Field Recycled . | . . . . . . Retrieved Matter . | . . . . . . Parts Self-Destructed 10 | . . 10 . . . Prevented . | . . . . . . Parts Restored . | . . . . . . Kills | -11 -10 -10 -9 -9 -6 ------- Run | Yrd Mat Sub Rec Scr Fac Combat Hostiles Destroyed 30 | . 3 21 1 . 5 Guns 6 | . . 5 1 . . Cannons 11 | . . 11 . . . AOE 11 | . 3 3 . . 5 Classes Destroyed 9 | 2 1 3 1 . 2 Tunneler 1 | 1 . . . . . Recycler 5 | 1 . . 4 . . Turret 2 | . . 2 . . . Watcher 1 | . . . . . 1 Swarmer 12 | . 3 6 . . 3 Grunt 2 | . . 1 . . 1 Sentry 1 | . . . 1 . . Programmer 1 | . . . . . 1 Subdweller 14 | . . 14 . . . Best Kill Streak 5 | 2 3 5 4 . 3 Combat Bots Only 3 | . 3 3 1 . 3 Max Kills in Single Turn 3 | 1 3 3 1 . 1 Gunslinging . | . . . . . . Exploded 3 | . 3 3 . . 1 Melee . | . . . . . . Uniques/NPCs Destroyed . | . . . . . . Combat | -11 -10 -10 -9 -9 -6 -------- Run | Yrd Mat Sub Rec Scr Fac Hostile Shots Fired 165 | . 7 86 6 . 66 Missed 60 | . . 30 2 . 28 Hits 105 | . 7 56 4 . 38 Projectile 105 | . 7 56 4 . 38 Critical Strikes 4 | . . 3 . . 1 Damage Taken 1730 | . 61 979 61 . 629 Core 340 | . . 196 28 . 116 Absorbed by Shields . | . . . . . . Core Remaining (%) 55 | 100 . . . 10 . Volleys Fired 156 | 4 2 114 13 . 23 Largest 2 | 2 2 2 2 . 1 Hottest 85 | 60 50 85 85 . 85 Shots Fired 197 | 8 3 138 25 . 23 Gun 87 | 8 2 48 25 . 4 Cannon 93 | . . 86 . . 7 Launcher 17 | . 1 4 . . 12 Special . | . . . . . . Kinetic 51 | 6 1 28 12 . 4 Thermal 131 | . 1 110 13 . 7 Explosive 13 | . 1 . . . 12 Electromagnetic 2 | 2 . . . . . Robot Hit Streak 18 | 3 1 18 4 . 4 Robot Miss Streak 4 | 2 3 4 1 . 3 Penetration Max . | . . . . . . Secondary Targets . | . . . . . . Shots Hit Robots 104 | 4 1 76 14 . 9 Core Hits 59 | 3 3 28 6 . 19 Critical Kills 5 | . . 4 1 . . Critical Parts Destroyed . | . . . . . . Critical Strikes 5 | . . 4 1 . . Meltdown 4 | . . 4 . . . Destroy 1 | . . . 1 . . Melee Attacks . | . . . . . . Impact . | . . . . . . Slashing . | . . . . . . Piercing . | . . . . . . Sneak Attacks . | . . . . . . Combat Hostiles . | . . . . . . Follow-up Attacks . | . . . . . . Damage Inflicted 4129 | 67 130 2698 262 . 972 Guns 910 | 67 15 543 262 . 23 Cannons 2012 | . . 1858 . . 154 Explosions 1207 | . 115 297 . . 795 Melee . | . . . . . . Ramming . | . . . . . . Kinetic 785 | 67 15 563 117 . 23 Thermal 2434 | . . 2135 145 . 154 Explosive 910 | . 115 . . . 795 Electromagnetic . | . . . . . . Impact . | . . . . . . Slashing . | . . . . . . Piercing . | . . . . . . Highest Corruption 2 | . . . . . 2 Average Corruption 1 | . . . . . 1 Corruption Purged 2 | . . . . . 2 Corruption Blocked . | . . . . . . Effects 9 | . . . . . 9 Message Errors 1 | . . . . . 1 Matter Fused 4 | . . . . . 4 Heat Flow Errors 2 | . . . . . 2 Energy Discharges 1 | . . . . . 1 Data Loss (minor) 1 | . . . . . 1 Overload Shots . | . . . . . . Overflow Damage 47 | . . 38 . . 9 Projectiles 38 | . . 38 . . . Explosions 9 | . . . . . 9 Melee . | . . . . . . Knockbacks . | . . . . . . Impact . | . . . . . . Kinetic . | . . . . . . Secondary . | . . . . . . Self-Inflicted Damage 56 | . . 31 . . 25 Shots 2 | . . 1 . . 1 Rammed . | . . . . . . Targets Rammed . | . . . . . . Kicked . | . . . . . . Crushed . | . . . . . . Highest Temperature 286 | . 10 269 286 . 214 Average Temperature 64 | . 7 28 120 . 86 Received Heat Transfer 821 | . 9 713 18 . 81 Siege Activations . | . . . . . . Martial Activations . | . . . . . . Shielding Activations . | . . . . . . Robots Disrupted . | . . . . . . Combat Hostiles . | . . . . . . Robots Corrupted . | . . . . . . Combat Hostiles . | . . . . . . Parts Fried . | . . . . . . Impact Corruptions . | . . . . . . Robots Melted 4 | . . 4 . . . Combat Hostiles 4 | . . 4 . . . Parts Melted 5 | . . 5 . . . Heat Transferred 735 | . . 375 175 . 185 Parts Sabotaged . | . . . . . . Parts Stolen . | . . . . . . Parts Stripped . | . . . . . . Power Chain Reactions . | . . . . . . Alert | -11 -10 -10 -9 -9 -6 ------- Run | Yrd Mat Sub Rec Scr Fac Maximum Alert Level 1 | . . . . . 1 Low Security (%) 96 | 100 100 . 100 . 88 Level 1 3 | . . . . . 11 Level 2 . | . . . . . . Level 3 . | . . . . . . Level 4 . | . . . . . . Level 5 . | . . . . . . High Security . | . . . . . . Max Security . | . . . . . . Peak Influence 222 | 5 79 . 72 . 222 Initial 72 | . . . 72 . . Average 37 | . 14 . 9 . 107 Influence Increases 943 | 10 90 260 120 . 463 Destroy 0b10 Robot/C 360 | . 60 180 20 . 100 Destroy 0b10 Robot/NC 35 | 10 . . 20 . 5 Destroy Leader 62 | . 10 20 . . 32 Successful Hack 102 | . 11 . 5 . 86 Select Force Hacks 60 | . . . 60 . . Disable Machine 45 | . . . 15 . 30 Destroy Structure 54 | . 9 . . . 45 Partial Spotted 60 | . . . . . 60 Lose Combat Pursuer 165 | . . 60 . . 105 Influence Decreases 884 | 10 63 137 231 39 404 Entered New Map 131 | . . 14 78 39 . Time Decay 633 | 10 63 113 133 . 314 Lost Part 120 | . . 10 20 . 90 Squads Dispatched 11 | . 1 . . . 10 Investigation 7 | . 1 . . . 6 Extermination 3 | . . . . . 3 Reinforcement 1 | . . . . . 1 Assault . | . . . . . . Garrison . | . . . . . . Intercept . | . . . . . . Searches Triggered . | . . . . . . Construction Impeded . | . . . . . . Haulers Reinforced 1 | . . . . . 1 Active Scanning Responses . | . . . . . . Cargo Convoy Interrupts . | . . . . . . Stealth | -11 -10 -10 -9 -9 -6 --------- Run | Yrd Mat Sub Rec Scr Fac Distress Signals 2 | . 1 . . . 1 Communications Jammed . | . . . . . . Distress Signals . | . . . . . . Times Spotted 58 | . 8 24 1 . 25 Peak Tracking Total 8 | . 3 3 1 . 8 Tactical Retreats 6 | . . 1 . . 5 ECM-based Alert Blocks 3 | . . . . . 3 Traps | -11 -10 -10 -9 -9 -6 ------- Run | Yrd Mat Sub Rec Scr Fac Traps Triggered 2 | . . . . . 2 Indirectly . | . . . . . . Trap Hack Attempts . | . . . . . . Triggered . | . . . . . . Disarmed . | . . . . . . Reprogrammed . | . . . . . . Reused . | . . . . . . Traps Extracted . | . . . . . . Installed . | . . . . . . Triggered . | . . . . . . Most Traps Carried 1 | . . 1 . . . Machines | -11 -10 -10 -9 -9 -6 ---------- Run | Yrd Mat Sub Rec Scr Fac Machines Disabled 8 | . . 5 1 . 2 Max in Single Turn 3 | . . 3 1 . 1 Garrison Access 1 | . . . . . 1 Machines Repaired . | . . . . . . Machines Dismantled . | . . . . . . Machines Sabotaged . | . . . . . . Overloaded Fab Kills . | . . . . . . Hacking | -11 -10 -10 -9 -9 -6 --------- Run | Yrd Mat Sub Rec Scr Fac Machines Accessed 34 | . 4 4 10 3 13 Terminals 13 | . 4 . 5 . 4 Fabricators . | . . . . . . Repair Stations 1 | . . . . . 1 Recycling Units 7 | . . . 3 . 4 Scanalyzers 2 | . . . . . 2 Garrison Access 2 | . . . . . 2 Total Hacks 69 | . 7 8 19 6 29 Successful 40 | . 2 8 10 6 14 Failed 28 | . 4 . 9 . 15 Catastrophic 9 | . 2 . 2 . 5 Database Lockouts 1 | . 1 . . . . Manual 29 | . 4 . 12 . 13 Terminals 30 | . 7 . 13 . 10 Fabricators . | . . . . . . Repair Stations 2 | . . . . . 2 Recycling Units 13 | . . . 4 . 9 Scanalyzers 4 | . . . . . 4 Garrison Access 4 | . . . . . 4 Terminal Hacks 24 | . 2 8 5 6 3 Record 13 | . . 5 2 5 1 Part Schematic 1 | . . . 1 . . Robot Analysis 1 | . 1 . . . . Prototype ID Bank 1 | . 1 . . . . Open Door 1 | . . 1 . . . Emergency Access Points 1 | . . . . . 1 Locate Traps 1 | . . . . . 1 Zone Layout 2 | . . . 2 . . Proto ID Catalog 2 | . . 1 . 1 . Release Object 1 | . . 1 . . . Fabricator Hacks . | . . . . . . Repair Station Hacks 1 | . . . . . 1 Scan Component 1 | . . . . . 1 Recycling Unit Hacks 1 | . . . 1 . . Retrieve Components 1 | . . . 1 . . Scanalyzer 3 | . . . . . 3 Retrieve Study 3 | . . . . . 3 Garrison Access Hacks 1 | . . . . . 1 Seal Access 1 | . . . . . 1 Unauthorized Hacks 10 | . . . 4 . 6 Terminals 5 | . . . 2 . 3 Assimilate 1 | . . . . . 1 Botnet 3 | . . . 2 . 1 Operators 1 | . . . . . 1 Fabricators . | . . . . . . Repair Stations . | . . . . . . Recycling Units 5 | . . . 2 . 3 Tunnel 2 | . . . 2 . . Fedlink 3 | . . . . . 3 Scanalyzers . | . . . . . . Garrison Access . | . . . . . . Data Cores Recovered . | . . . . . . Used . | . . . . . . Hacking Detections 18 | . 3 . 6 . 9 Full Trace Events 3 | . . . . . 3 Feedback Events 1 | . . . . . 1 Corruption 1 | . . . . . 1 Feedback Blocked . | . . . . . . Robot Schematics Acquired . | . . . . . . Robots Built . | . . . . . . Authchips . | . . . . . . Time . | . . . . . . Total Robot Build Rating . | . . . . . . Part Schematics Acquired 1 | . . . 1 . . Parts Built . | . . . . . . Authchips . | . . . . . . Time . | . . . . . . Total Part Build Rating . | . . . . . . Part Studies Acquired 3 | . . . . . 3 Parts Repaired . | . . . . . . Time . | . . . . . . Parts Recycled . | . . . . . . Recycled Matter . | . . . . . . Retrieved Matter . | . . . . . . Retrieved Components 5 | . . . 5 . . Parts Scanalyzed . | . . . . . . Part Schematics Acquired . | . . . . . . Parts Damaged . | . . . . . . Bothacking | -11 -10 -10 -9 -9 -6 ------------ Run | Yrd Mat Sub Rec Scr Fac Used RIF Installer . | . . . . . . Robots Hacked . | . . . . . . Non-combat . | . . . . . . Combat . | . . . . . . Robot Hacks Applied . | . . . . . . Relay Couplers Released . | . . . . . . Fabnet Peak Effective % . | . . . . . . Robots Rewired . | . . . . . . Allies Hacked . | . . . . . . Hacks Repelled . | . . . . . . Allies | -11 -10 -10 -9 -9 -6 -------- Run | Yrd Mat Sub Rec Scr Fac Total Allies . | . . . . . . Largest Group . | . . . . . . Highest-Rated Group . | . . . . . . Highest-Rated Ally . | . . . . . . Initial UFD Resources 24 | . . . . . 24 Total Orders . | . . . . . . Ally Attacks . | . . . . . . Total Damage . | . . . . . . Kills . | . . . . . . Allies Corrupted . | . . . . . . Allies Melted 1 | . . 1 . . . Intel | -11 -10 -10 -9 -9 -6 ------- Run | Yrd Mat Sub Rec Scr Fac Active Infowar (turns) 6515 | 35 462 5245 9 . 764 Sensors 668 | . . . . . 668 Structural 719 | . . . . . 719 Seismic 6466 | 35 462 5245 9 . 715 Jamming 41 | . . . . . 41 ECM 208 | . . . . . 208 Robot Analysis Total 1 | . 1 . . . . Derelict Logs Recovered 6 | . . 3 . 3 . Drone Launches . | . . . . . . Drone Recoveries . | . . . . . . Exploration | -11 -10 -10 -9 -9 -6 ------------- Run | Yrd Mat Sub Rec Scr Fac Turns Passed 10656 | 114 462 5318 1415 2572 775 Spaces Moved 6475 | 80 275 2262 771 1709 1378 Core 4 | 3 . . . . 1 Treads 190 | 6 . 123 61 . . Legs . | . . . . . . Wheels 4904 | 71 275 2139 710 1709 . Hover . | . . . . . . Flight 1377 | . . . . . 1377 Fastest Speed 31 | 50 95 119 119 140 31 Average Speed 151 | 101 161 219 166 148 34 Slowest Speed 480 | 160 200 480 320 175 250 Overloaded Moves . | . . . . . . Propulsion Burnouts . | . . . . . . Robots Hopped 8 | . . . . . 8 Potential Cave-ins . | . . . . . . Cave-ins Triggered . | . . . . . . Exploration Rate (%) 56 | 3 50 94 67 94 32 Regions Visited 5 Branch Regions 3 Pre-discovered Areas 6 | . . 2 2 1 1 Known Exits Taken . | . . . . . . Unknown Exits Taken 5 | 1 1 1 1 1 . Scrap Searched 18 | . . 14 . 4 . Spaces Dug 1 | . . 1 . . . Terrain Destroyed 131 | . 8 68 . . 55 Melee . | . . . . . . Projectile 14 | . . 12 . . 2 AOE 117 | . 8 56 . . 53 Terrain Rammed . | . . . . . . Walls Destroyed . | . . . . . . Machines Disabled . | . . . . . . Actions | -11 -10 -10 -9 -9 -6 --------- Run | Yrd Mat Sub Rec Scr Fac Total 7153 | 101 289 2501 877 1742 1643 Wait 329 | 2 1 54 71 9 192 Move 6454 | 79 274 2261 770 1708 1362 Hop 8 | . . . . . 8 Pick Up 61 | 6 5 24 9 12 5 Fast Attach 27 | 7 2 5 3 1 9 Attach 14 | 1 . 3 1 . 9 Detach 3 | . . 2 1 . . Swap 24 | 1 3 11 3 . 6 Drop 62 | 1 2 27 6 12 14 Fire 156 | 4 2 114 13 . 23 Melee . | . . . . . . Ram . | . . . . . . Kick . | . . . . . . Crush . | . . . . . . Escape Stasis 15 | . . . . . 15 Rewire . | . . . . . . Trap . | . . . . . . Miscellaneous . | . . . . . . Route ------- -11/Scrapyard -10/Materials (discovered 2 exits: [*Min] / *Sub) -10/Subcaves (discovered 3 exits: [*Mat x2] / *Rec) -9/Recycling -9/Scraptown (discovered 2 exits: *Fac x2) -6/Factory (discovered 5 exits: *Fac x3 / *Low x2) History --------- Turn | Location | Event 20 | -11/Scrapyard | Discovered new exit (range 15) 115 | -11/Scrapyard | Entered Materials 116 | -10/Materials | Met a group of wandering Federalists 162 | -10/Materials | Discovered new exit (range 16) 310 | -10/Materials | Build established: Mutant 465 | -10/Materials | Central database locked down 565 | -10/Materials | Discovered new exit (range 7) 577 | -10/Materials | Entered Subcaves 578 | -10/Subcaves | Continued accompanying wandering Federalists (1) 691 | -10/Subcaves | Build established: Scavenger-Mutant 896 | -10/Subcaves | Visited 4L-MR0's lab 918 | -10/Subcaves | Found Powered Cannon 919 | -10/Subcaves | Attached Powered Cannon, gained temporary slot: Power 1383 | -10/Subcaves | Discovered new exit (range 8) 2226 | -10/Subcaves | Learned 2 Materials zone layouts 2261 | -10/Subcaves | Learned location of Mines (-10) 2307 | -10/Subcaves | A swath of the cavern ceiling suddenly collapsed 2913 | -10/Subcaves | Visited Clippyterm 2920 | -10/Subcaves | Learned 40 Factory zone layouts 2955 | -10/Subcaves | Shifting Twisted Machinery released Mak. Light Armor Plating 2956 | -10/Subcaves | Shifting Twisted Machinery released Sub. Optics 4026 | -10/Subcaves | Found SUBCON Basin 4259 | -10/Subcaves | Build established: Mutant 4388 | -10/Subcaves | Discovered new exit (range 7) 5053 | -10/Subcaves | Core integrity fell below 50% 5588 | -10/Subcaves | A swath of the cavern ceiling suddenly collapsed 5700 | -10/Subcaves | Shifting Twisted Machinery released Mak. Light Armor Plating 5748 | -10/Subcaves | Shifting Twisted Machinery released Sub. Optics 5879 | -10/Subcaves | Discovered new exit (range 13) 5895 | -10/Subcaves | Entered Recycling 5899 | -9/Recycling | Core integrity fell below 20% 6104 | -9/Recycling | Scanned before Scraplab entrance 6125 | -9/Recycling | Entered Scraplab 6337 | -9/Recycling | Discovered new exit (range 3) 7310 | -9/Recycling | Entered Scraptown 7335 | -9/Scraptown | Heard Great Nut preacher, LISTEN AND RECITE! 7593 | -9/Scraptown | Visited Comm Corps 7696 | -9/Scraptown | Visited Shadow of the Wyrm 7712 | -9/Scraptown | Visited CPS Storage 7752 | -9/Scraptown | Visited Symbiants 7805 | -9/Scraptown | Visited Assassins FH 7819 | -9/Scraptown | Visited Fellowship of the Rings 8228 | -9/Scraptown | Learned location of Extension (-4) 8489 | -9/Scraptown | Visited SPCMW 8554 | -9/Scraptown | Visited UFD Registry 8554 | -9/Scraptown | Registered with UFD as "Longtalker" 8634 | -9/Scraptown | Visited Abandonware Association 8652 | -9/Scraptown | Learned abandonware demo "REPAIR.EXE" 8652 | -9/Scraptown | Learned abandonware demo "SHUTEYE.EXE" 8685 | -9/Scraptown | Visited Curators Association 8734 | -9/Scraptown | Visited DA-N13 Charitable Foundation 8752 | -9/Scraptown | Found DCF Scrap (31 items) 9044 | -9/Scraptown | Visited Scrap Suit Storage 9073 | -9/Scraptown | Visited Junk Repository 9139 | -9/Scraptown | Visited Modified Component R&D 9231 | -9/Scraptown | Visited Science Guys 9279 | -9/Scraptown | Visited Chapter 10 9419 | -9/Scraptown | Scanned Subdweller tech in exchange for log data 9423 | -9/Scraptown | Learned location of 1 exit from Factory 9424 | -9/Scraptown | Learned Research trap positions 9441 | -9/Scraptown | Discovered new exit (range 11) 9601 | -9/Scraptown | Guru changed UFD alias to "Alphaforce" 9810 | -9/Scraptown | Met Optimus 9810 | -9/Scraptown | Accepted into 0bPrime 9874 | -9/Scraptown | Discovered new exit (range 5) 9882 | -9/Scraptown | Entered Factory 9882 | -6/Factory | Evolved 8 slots: Propulsion x3, Utility x5 9883 | -6/Factory | Identified exit to Lower Caves 9884 | -6/Factory | Identified exit to Factory 10238 | -6/Factory | Loaded intel: 8 recycling unit locations 10256 | -6/Factory | Learned location of Protoforge (-2) 10294 | -6/Factory | Discovered exit to Factory (range 12) 10417 | -6/Factory | Build established: Derelict-Scout 10657 | -6/Factory | Self-destructed Last Messages --------------- 10565_ Dropped Lgt. Nuclear Core+. 10565_ Acquired Prototype Reactor. 10565_ Identified Cold Fusion Reactor. 10567_ Dropped Cold Fusion Reactor. 10567_ Acquired Cold Fusion Reactor. 10573_ ALERT: Potential suspicious activity detected, Programmers report to Factory Zone 6S. 10575_ System corrupted: Matter fused (-9). 10602_ System corrupted: Matter fused (-6). 10644_ VTOL Module+ destroyed. 10644_ Dropped Cold Fusion Reactor. 10645_ Destroyed VTOL Module. 10646_ Mni. Grenade Launcher+ destroyed. 10648_ VTOL Module+ destroyed. 10651_ Imp. Light Armor Plating destroyed. 10651_ Mak. Flight Unit destroyed. 10655_ Structural Scanner destroyed. 10656_ K-01 Serf destroyed. 10656_ Imp. Sensor Array destroyed. Map ----- +----------------------------------------------------+ | ?????????????????????????????# ## " " # # | | ?????????????????????????????# ## "Y" + # | | ?????????????????????????????# ## """ # # | | ?????????????????????????????# ############ # | | ????????????????????????????## ## # # | | ????????????????????????????# # # # | | ????????????????????????????# " # # # | | ????????????????????????????# # # # | | ?################???????????## ## + + | | ?################????????????# ## # ## | | ?## ##?????######## ## # ## | | ?## """" """" ##?????# # ## # ## | | ?## """" """" ##?????# """" # ############ | | ?## """" """" ##?????# """" # | | ?## """" """" ##?????# """" + | | ?## ]##?????# """" # | | ?## """" """" ##?????# # ### ######## | | ?## """" """" ##?????########/###/############### | | ?## """" """" ##?########### #???????# | | ?## """" """" ############## """" """" ######### | | ?## ##### ## ### """" """" ## | | ?##! #### # """" """" ## "" | | ?########+######### # """" """" ## """ | | ####### p* s# """" """" ## R" | | """" ## ! ss # """" """" ## """ | | "T"" + uR %> @ + """" """" ## | | ## g # ## | | ## g g # ## | | ## ####### # ## | | ## ####### # ######### | | ## ##???######+##################???????? | | ## ##??? #???????????????## | | ## ##??????? """ """ #???????????????# | | ## ##??????? """ """ #???????????????# | | ## ##??????? """ """ #???????????????# | | ## ##??????? #??????########## | | ####### ##??????? """ """ #??????########## | | ##?# """??????????????????## # | | ##?# """??????????????????## # | | ##?# ????????????????## # | | ###########????????????????## ## | | # ##????????????????## + | | ####### # ##????????????????## # | | ####### # ##???############### # | | ????### # ##???############### " " " # | | ????## # ##???## # " " " # | | ######T # ##???## """""" # " " " + | | #### + ##???## """""" # " " " # | | #### # ##???## """""" # " " " # | | #?## # ##???## """""" # " " " ## | +----------------------------------------------------+ Best States ------------- Heat Dissipation 37 Energy Generation 17 Energy Capacity 400 Matter Stores 300 Matter Capacity 300 Sight Range 16 Robot Scan Range 15 Terrain Scan Density 10 ECM Strength 1 Jamming Range 12 Armor Coverage 250 Evasion (%) 63 Recoil Reduction 2 Offensive Hacking 10 Authchip Count 2 Item Schematics ----------------- Flight Unit | -9/Recycling | Hacked Robot Schematics ------------------ None Fabricated ------------ Nothing Repaired ---------- Nothing Studied --------- VTOL Module | -6/Factory | Hacked Lgt. Nuclear Core | -6/Factory | Hacked Mni. Grenade Launcher | -6/Factory | Hacked Alien Tech Used ----------------- None Achievements -------------- Longdome?! Strength In Numbers Challenges ------------ None Game ------ Seed GuidanceEtherialBotcube Manual? 0 Play Time 01:07:43 Cumulative 160.5 hours Start 2026.02.17 @ 19:06:14 End 2026.02.17 @ 20:13:48 Sessions 2 Manual Loads 0 Difficulty Rogue Special Mode None Game No. 126 Rogue 126 Adventurer 0 Explorer 0 Win Type - Total 2 Types 2/0/0/0/0/0/0/0/0/0 Lore% 67 Gallery% 62 Achievement% 47 Wizard Run 0 Options --------- Layout 1 ASCII 0 Keyboard 0 Movement Numpad Keybinds 0 Fullscreen 1 Font 18/SmallcapsGlow Map View 50x40 Zoom Use 0% Tactical HUD 1 Map Filters NONE Filters NONE Steam 1 RUN: ff4a93c9-db17-4751-87bd-9047df4f99c4